 Dungeon Crawl Stone Soup version 0.26.1-11-gd32895ea62 (webtiles) character file.

Game seed: 9865445481251715297

137 vvl the Ruffian (level 5, 0/41 HPs)
             Began as a Draconian Transmuter on July 13, 2021.
             Slain by Natasha (3 damage)
             ... on level 2 of the Dungeon.
             The game lasted 00:03:13 (2215 turns).

vvl the Ruffian (Draconian Transmuter)              Turns: 2215, Time: 00:03:14

Health: 0/41       AC:  5    Str: 11 (13) XL:     5   Next: 0%
Magic:  8/8        EV: 12    Int: 12 (14) God:
Gold:   118        SH:  0    Dex: 10 (11) Spells: 7/8 levels left

rFire    . . .     SeeInvis .   a - +2 short sword (drain)
rCold    . . .     Faith    .   (no shield)
rNeg     . . .     Spirit   .   (armour unavailable)
rPois    .         Reflect  .   (helmet currently unavailable)
rElec    .         Harm     .   (no cloak)
rCorr    .         Rampage  .   (no gloves)
Will     .....                  (boots currently unavailable)
Stlth    +.........             (no amulet)
HPRegen  0.13/turn              (no ring)
MPRegen  0.11/turn              (no ring)

@: appendages (expiring), slowed, very slow
A: unfitting armour, horns 2, talons 2, cold-blooded, AC +5
a: End Transformation


You were on level 2 of the Dungeon.
You had grown temporary horns.
You had grown temporary talons.
You visited 1 branch of the dungeon, and saw 2 of its levels.

You collected 118 gold pieces.

Inventory:

Hand Weapons
 a - a +2 short sword of draining (weapon)
Armour
 c - a cursed +0 pair of boots (melded)
Jewellery
 g - a cursed amulet of reflection {unknown}
Scrolls
 d - a scroll of enchant armour {unknown}
 f - 3 scrolls of identify {unknown}
 h - a scroll of remove curse {unknown}
 i - a scroll of blinking {unknown}
 j - 3 scrolls of immolation {unknown}


   Skills:
 + Level 2.2 Fighting
 + Level 2.2 Dodging
 * Level 3.8 Unarmed Combat
 + Level 2.4 Spellcasting
 * Level 3.0 Transmutations
 + Level 1.4 Ice Magic


You had 7 spell levels left.
You knew the following spells:

 Your Spells              Type           Power        Failure   Level
a - Beastly Appendage     Tmut           16%          8%          1

Your spell library contained the following spells:

 Spells                   Type           Power        Failure   Level
 Wereblood                Tmut           8%           11%         2
 Spider Form              Tmut/Pois      2%           38%         3
 Ice Form                 Ice/Tmut       6%           71%         4
 Blade Hands              Tmut           4%           90%         5


Dungeon Overview and Level Annotations

Branches:
Dungeon (2/15)

Altars:

Annotations:
D:2 Natasha


Innate Abilities, Weirdness & Mutations

Your plain brown scales are hard. (AC +5)
You cannot fit into any form of body armour.
You are cold-blooded and may be slowed by cold attacks.
You have a pair of horns on your head.
You have razor-sharp toenails.


Message History

You feel as though you will be slow longer.
* * * LOW HITPOINT WARNING * * *
You feel better. The adder bites you but does no damage.
Natasha casts a spell at you. The magic dart hits you!
* * * LOW HITPOINT WARNING * * *
The white imp misses you. The adder bites you.
* * * LOW HITPOINT WARNING * * *
Natasha mumbles some strange words.
You feel disoriented. Natasha completely misses you.
It was a potion of degeneration.
There was something very wrong with that liquid.
You feel weakened.
You feel dopey.
You feel clumsy.
Your transformation is almost over.
The adder bites you.
* * * LOW HITPOINT WARNING * * *
The white imp closely misses you. The adder bites you but does no damage.
Natasha claws you.
You die...

#..'.....÷..#.....'.##.
#..#.....#..#.....#.##.
####.....####'#####.###
#.....#†.#...# #.###
#.....#..###'###.#..
...#+####'####'#.......#.#
......÷................#.#
........S5..†..........#.#
........h@.............#.#
#..#'####+####'#.#'###...#
#. #..#.#....<... #
#..#.##....>..
####..'....... ####.......
#....... ###.......
#.........


You could see Natasha, an adder and a white imp (summoned).

Vanquished Creatures
  Natasha (twice) (D:2)
  3 adders (D:2)
  An ooze (D:2)
  A worm (D:2)
  3 dart slugs
  2 leopard geckos
  3 bats
  4 giant cockroaches
  4 goblins
  6 hobgoblins
  5 kobolds
  7 ball pythons
  3 frilled lizards
  4 rats (D:1)
48 creatures vanquished.

Notes
Turn   | Place    | Note
-------+----------+-------------------------------------------
     0 | D:1      | vvl the Draconian Transmuter began the quest for the Orb.
     0 | D:1      | Reached XP level 1. HP: 16/16 MP: 3/3
    82 | D:1      | Reached XP level 2. HP: 14/23 MP: 3/5
  1153 | D:2      | Reached XP level 3. HP: 28/28 MP: 4/6
  1305 | D:2      | Reached skill level 1 in Ice Magic
  1779 | D:2      | Reached XP level 4. HP: 36/36 MP: 7/7
  1978 | D:2      | Noticed Natasha
  1985 | D:2      | Killed Natasha
  2021 | D:2      | Noticed Natasha
  2039 | D:2      | Killed Natasha
  2040 | D:2      | Reached XP level 5. HP: 10/41 MP: 6/8
  2207 | D:2      | Noticed Natasha
  2213 | D:2      | HP: 2/41 [white imp[Natasha] (3)]
  2215 | D:2      | Slain by Natasha

Illustrated notes

Levels and vault maps discovered:
D:1:      minmay_arrival_stair_chambers, layout_basic,
          hangedman_abyss_or_decor_stabs, st_stairs_10, serial_bayou_ford_a
D:2:      layout_basic, minmay_snake_closets, uniq_natasha

Skill      XL: |  1  2  3  4 |
---------------+-------------+-----
Dodging        | 2 |  2.2
Ice Magic      | 1 |  1.4
Fighting       | 2 |  2.2
Transmutations | 3 |  3.0
Unarmed Combat | |  3.8
Spellcasting   | |  2.4

Action                   |  1- 3 |  4- 6 || total
-------------------------+-------+-------++-------
Melee: Unarmed           |    25 |       ||    25
       Kick              |    16 |     4 ||    20
       Tailslap          |     6 |     2 ||     8
       Headbutt          |     7 |     3 ||    10
       Short sword       |    76 |    34 ||   110
 Cast: Beastly Appendage |    19 |     8 ||    27
  Use: Potion            |       |     2 ||     2
 Stab: Sleeping          |     1 |       ||     1
Armor: Skin              |    35 |     9 ||    44
Dodge: Dodged            |    85 |    26 ||   111
